cohdb
Replays
Latest Replays
All Replays
Popular Replays
Top Player Replays
Match Explorer
How It Works
Community
CoH3 Stats
Reddit
Sign in to upload your games and track your stats! →
Sign in with Steam
Match 33878423
Unlisted
Match 33878423
Overview
Messages
Build Orders
End
Selects Luftwaffe Battlegroup
Selects Luftwaffe Pioneer Support
Fallschirmpioneer Squad Paradrop
Pioneer Squad
Fallschirmpioneer Squad Paradrop
Construct Infanterie Kompanie
MG 42 Machine Gun Team
Infanterie Officer Quarters
Grenadier Squad
Construct Luftwaffe Kompanie
Medical Bunker
221 Scout Car
Selects LG40 Recoilless Gun Paradrop
Support Elements
Jäger Squad
Wirbelwind Flakpanzer
Jäger Squad
Jäger Squad
Construct Panzer Kompanie
Sturmpanzer IV Brummbär
Selects Infantry Reserves
Sebulous
Yuran
7no2
生是中国人死是中国僵
你
gUi
afora
Unge Mazda
0
0
Comments
sign in to comment!
No comments posted yet!